 Dungeon Crawl Stone Soup version 0.30-a0-996-ga6910c8ee8 (webtiles) character file.

Game seed: 16524163681995964531

44520 DavidChitty2 the Thrower (level 14, -2/108 HPs)
             Began as a Gnoll Wanderer on Mar 30, 2023.
             Was a High Priest of Vehumet.
             Slain by an eight-headed hydra (10 damage)
             ... on level 5 of the Lair of Beasts on Apr 4, 2023.
             The game lasted 01:08:49 (23854 turns).

DavidChitty2 the Thrower (Gnoll Wanderer)          Turns: 23854, Time: 01:08:50

Health: -2/108     AC: 16    Str: 13    XL:     14   Next: 29%
Magic:  6/27       EV: 14    Int: 15    God:    Vehumet [*****.]
Gold:   1343       SH: 11    Dex: 12    Spells: 9/32 levels left

rFire   + . .      SeeInvis .    b - staff of conjuration {!a}
rCold   + . .      Faith    .    W - +0 kite shield
rNeg    + . .      Spirit   .    B - +2 robe {Will+}
rPois   +          Reflect  .    w - +0 helmet
rElec   .          Rampage  .    H - scarf {rC+ rF+}
rCorr   .          Clarity  +    y - +2 pair of gloves
Will    +++++                    k - +1 pair of boots
Stlth   ++++                     u - amulet of the Four Winds {rN+ Will+++ Clar}
HPRegen 0.38/turn                C - +4 ring of protection
MPRegen 0.20/turn                v - ring of poison resistance

@: no status effects
A: fangs 1, strong nose, distributed training
a: Renounce Religion


You were on level 5 of the Lair of Beasts.
You worshipped Vehumet.
Vehumet was extremely pleased with you.
You visited 3 branches of the dungeon, and saw 16 of its levels.
You also visited: Ossuary, Bailey and Gauntlet.

You collected 1343 gold pieces.

Inventory:

Hand Weapons
 a - the +7 Spriggan's Knife {stab, EV+4 Stlth+}
   (You took it off a minotaur in a Gauntlet)

   Stab:      It is more effective when stabbing unaware enemies, sometimes
   treating them as though they were completely helpless.
   EV:        It affects your evasion (+4).
   Stlth:     It makes you more stealthy.
 Z - a +2 short sword of venom
   (You took it off a kobold on level 7 of the Dungeon)
Missiles
 r - 64 poisoned darts (quivered)
 I - 2 curare-tipped darts {!f}
 S - a throwing net {!f}
Armour
 k - a +1 pair of boots (worn)
   (You found it on level 5 of the Dungeon)
 l - a scarf of repulsion
   (You found it on level 3 of the Lair of Beasts)
 w - a +0 helmet (worn)
   (You found it on level 8 of the Dungeon)
 y - a +2 pair of gloves (worn)
   (You found it on level 3 of the Dungeon)
 B - a +2 robe of willpower (worn)
   (You took it off Sigmund on level 4 of the Dungeon)
 H - a scarf of resistance (worn)
   (You found it on level 7 of the Dungeon)
 W - a +0 kite shield (worn)
   (You took it off a gnoll sergeant on level 9 of the Dungeon)
Magical Staves
 b - a staff of conjuration (weapon) {!a}
   (You acquired it on level 5 of the Dungeon)
Jewellery
 h - a +4 ring of protection
   (You found it on level 5 of the Dungeon)
 o - a ring of protection from cold
   (You found it on level 4 of the Lair of Beasts)
 u - the amulet of the Four Winds (around neck) {rN+ Will+++ Clar}
   (You found it on level 3 of the Lair of Beasts)

   [amulet of nothing]

   rN:        It protects you from negative energy.
   Clar:      It protects you against confusion.
   Will:      It greatly increases your willpower.
 v - a ring of poison resistance (right hand)
   (You found it on level 5 of the Dungeon)
 z - a ring of wizardry
   (You found it on level 3 of the Dungeon)
 C - a +4 ring of protection (left hand)
   (You found it on level 5 of the Dungeon)
 D - a +6 ring of strength
   (You found it on level 3 of the Lair of Beasts)
Wands
 d - a wand of iceblast (2)
   (You found it on level 1 of the Lair of Beasts)
 t - a wand of flame (28)
   (You found it on level 6 of the Dungeon)
 x - a wand of acid (3)
   (You found it on level 2 of the Lair of Beasts)
 U - a wand of charming (6)
   (You took it off a wight on level 9 of the Dungeon)
Scrolls
 c - 5 scrolls of fog
 e - a scroll of magic mapping
 f - 8 scrolls of identify {@r1}
 g - 10 scrolls of teleportation {@r4}
 n - a scroll of silence
 s - 2 scrolls of enchant weapon
 F - a scroll of amnesia
 G - a scroll of blinking
 K - a scroll of enchant armour
 L - 3 scrolls of immolation {!r}
 V - 2 scrolls of fear
Potions
 i - 5 potions of haste {@q3}
 j - 3 potions of attraction {!q}
 m - 7 potions of brilliance
 p - 7 potions of curing {@q1}
 q - 4 potions of might
 E - 3 potions of resistance
 J - a potion of heal wounds {@q2}
 P - a potion of magic
 R - a potion of cancellation
Miscellaneous
 A - a lightning rod (4/4) {!a}
   (You found it in a Gauntlet)


   Skills:
 + Level 9.4 Fighting
 + Level 9.4 Short Blades
 + Level 9.4 Long Blades
 + Level 9.4 Axes
 + Level 9.4 Maces & Flails
 + Level 9.4 Polearms
 + Level 9.4 Staves
 + Level 9.4 Ranged Weapons
 + Level 11.4 Throwing
 + Level 9.8 Armour
 + Level 9.4 Dodging
 + Level 9.4 Stealth
 + Level 9.4 Shields
 + Level 9.4 Unarmed Combat
 + Level 9.9 Spellcasting
 + Level 7.9 Conjurations
 + Level 7.9 Hexes
 + Level 7.9 Summonings
 + Level 7.9 Necromancy
 + Level 7.9 Translocations
 + Level 7.9 Transmutations
 + Level 7.9 Fire Magic
 + Level 7.9 Ice Magic
 + Level 7.9 Air Magic
 + Level 7.9 Earth Magic
 + Level 9.6 Poison Magic
 + Level 10.3 Invocations
 + Level 10.5 Evocations


You had 9 spell levels left.
You knew the following spells:

 Your Spells              Type           Power      Damage    Failure   Level
a - Sting                 Tmut/Pois      100%       1d8       1%          1
b - Shock                 Conj/Air       100%       1d9       1%          1
c - Ignite Poison         Fire/Tmut/Pois 32%        N/A       1%          3
d - Fireball              Conj/Fire      23%        3d11      7%          5
e - Airstrike             Air            15%        2d(3-19)  2%          4
f - Mephitic Cloud        Conj/Pois/Air  49%        N/A       1%          3
g - Flame Wave            Conj/Fire      46%        2d12      2%          4
x - Poisonous Vapours     Pois/Air       66%        N/A       1%          2

Your spell library contained the following spells:

 Spells                   Type           Power      Damage    Failure   Level
 Beastly Appendage        Tmut           62%        N/A       1%          1
 Summon Small Mammal      Summ           100%       N/A       1%          1
 Cigotuvi's Dreadful Rot  Necr/Pois/Air  64%        N/A       1%          2
 Lesser Beckoning         Tloc           62%        N/A       1%          2
 Wereblood                Tmut           31%        N/A       1%          2
 Spider Form              Tmut/Pois      33%        N/A       1%          3
 Call Canine Familiar     Summ           31%        N/A       2%          3
 Gell's Gravitas          Tloc           31%        N/A       2%          3
 Portal Projectile        Hex/Tloc       62%        N/A       2%          3
 Summon Guardian Golem    Hex/Summ       31%        N/A       2%          3
 Swiftness                Air            31%        N/A       2%          3
 Teleport Other           Tloc           31%        N/A       2%          3
 Dispel Undead            Necr           31%        3d14      9%          4
 Leda's Liquefaction      Hex/Erth       15%        N/A       9%          4
 Passage of Golubria      Tloc           31%        N/A       9%          4
 Silence                  Hex/Air        15%        N/A       24%         5
 Death Channel            Necr           15%        N/A       80%         6
 Lehudib's Crystal Spear  Conj/Erth      23%        10d6      100%        8


Dungeon Overview and Level Annotations

Branches:
Dungeon (10/15)            Temple (1/1) D:6            Lair (5/5) D:8
 Shoals (0/4) Lair:2       Spider (0/4) Lair:3        Slime (0/5) Lair:4
    Orc (0/2) D:10        Ossuary (visited)          Bailey (visited)
Gauntlet (visited)

Altars:
Ashenzari
Cheibriados
Dithmenos
Elyvilon
Fedhas
Gozag
Hepliaklqana
Kikubaaqudgha
Makhleb
Nemelex Xobeh
Okawaru
Qazlal
Ru
Sif Muna
Trog
Vehumet
Wu Jian
Xom
Yredelemnul
Zin
The Shining One
Jiyva

Shops:
D:5 *

Portals:
Trove: D:10 (show slimy rune of Zot)

Annotations:
D:6 1 runed translucent door, Crazy Yiuf
Temple 4 transporters


Innate Abilities, Weirdness & Mutations

You have very sharp teeth.
Your uncanny sense of smell can sniff out nearby items.
Your experience applies equally to all skills.


Message History

The flame wave engulfs the eight-headed hydra!
You block the eight-headed hydra's attack.
The eight-headed hydra closely misses you.
The eight-headed hydra bites you.
The eight-headed hydra bites you but does no damage.
The eight-headed hydra bites you!
* * * LOW HITPOINT WARNING * * *
You block the eight-headed hydra's attack.
The eight-headed hydra bites you but does no damage.
The eight-headed hydra misses you.
A wave of flame ripples out!
The flame wave engulfs the eight-headed hydra!
The flame wave engulfs the fungus!!
The fungus begins to die.
The eight-headed hydra bites you!
* * * LOW HITPOINT WARNING * * *
The eight-headed hydra closely misses you.
The eight-headed hydra bites you!
* * * LOW HITPOINT WARNING * * *
The eight-headed hydra bites you but does no damage.
You block the eight-headed hydra's attack.
The eight-headed hydra bites you.
* * * LOW HITPOINT WARNING * * *
The eight-headed hydra completely misses you.
The eight-headed hydra barely misses you.
A wave of flame ripples out!
The flame wave engulfs the eight-headed hydra!
The flame wave engulfs the fungus! x2; The fungus begins to die.
You finish channelling waves of flame.
A water moccasin comes into view.
You block the eight-headed hydra's attack.
The eight-headed hydra bites you!
* * * LOW HITPOINT WARNING * * *
The eight-headed hydra misses you.
The eight-headed hydra bites you but does no damage.
The eight-headed hydra closely misses you.
The eight-headed hydra misses you.
The eight-headed hydra bites you but does no damage.
You block the eight-headed hydra's attack.
The eight-headed hydra looks more healthy.
A basilisk comes into view.
The eight-headed hydra barely misses you.
The eight-headed hydra bites you.
* * * LOW HITPOINT WARNING * * *
The eight-headed hydra barely misses you.
The eight-headed hydra misses you.
The eight-headed hydra bites you but does no damage.
The eight-headed hydra bites you.
* * * LOW HITPOINT WARNING * * *
The eight-headed hydra bites you!
You die...

#....######.....#
#....## ##....
#.....## ..).
##.(...### ...
###..#SP## ..∆ .#
#.#...P# ..#
####...### ....
#.....# #....
#...@.####.....
#.#..D......#.#
##.........#.#
###........#
#.......##
##......#..#
#.#....l...
####.....†.
##.....


You could see an eight-headed hydra, a basilisk and a water moccasin.

Vanquished Creatures
  A minotaur (Gauntlet)
  2 entropy weavers (Lair:3)
  2 vault guards (Bailey)
  4 hydras
  A catoblepas (Lair:3)
  4 ghost crabs (Lair:3)
  Erica (D:9)
  2 two-headed ogres
  2 boulder beetles (Lair:1)
  7 fire crabs
  Pikel (D:5)
  A lindwurm (Lair:4)
  An ugly thing (D:10)
  An oklob plant (Lair:2)
  2 torpor snails
  An eye of devastation (Lair:4)
  A gargoyle (D:10)
  3 black mambas
  11 cane toads
  2 apocalypse crabs
  4 komodo dragons
  A troll (D:10)
  Prince Ribbit (D:7)
  4 hornets
  10 blink frogs
  7 dream sheep (Lair:5)
  A jumping spider (Lair:3)
  Sigmund (D:4)
  6 humans (Bailey)
  6 wyverns
  46 yaks
  A wraith (D:10)
  4 basilisks
  A steam dragon (D:8)
  Menkaure (D:5)
  Edmund (D:6)
  7 water moccasins
  A floating eye (Lair:4)
  8 orc warriors
  2 sky beasts (D:7)
  2 black bears
  An ice beast (D:7)
  2 ogres
  3 centaurs (D:9)
  2 lemures (D:5)
  5 kobold brigands
  A gnoll sergeant (D:9)
  19 bullfrogs
  2 scorpions
  9 wights
  4 killer bees (D:9)
  2 howler monkeys (D:10)
  4 hounds
  A jelly (D:8)
  8 orc priests
  A gnoll bouda (D:7)
  3 iguanas
  An iron imp (D:9)
  2 sleepcaps
  Terence (D:3)
  8 orc wizards
  12 mummies (Ossuary)
  9 gnolls
  7 adders
  A river rat (D:4)
  2 shadow imps
  3 white imps
  42 orcs
  4 bats
  7 endoplasms
  2 giant cockroaches
  9 goblins
  6 hobgoblins
  2 quokkas
  3 ball pythons
  A frilled lizard (D:2)
  3 gnoll skeletons (Ossuary)
  2 goblin skeletons (Ossuary)
  31 kobolds
  2 kobold skeletons (Ossuary)
  An orc skeleton (Ossuary)
  4 rats
  11 rat skeletons (Ossuary)
408 creatures vanquished.

Vanquished Creatures (others)
  An entropy weaver (Lair:3)
  A water moccasin (Lair:4)
  15 fungi
  15 plants
32 creatures vanquished.

Grand Total: 440 creatures vanquished

Notes
Turn   | Place    | Note
-------+----------+-------------------------------------------
     0 | D:1      | DavidChitty2 the Gnoll Wanderer began the quest for the
                  | Orb.
     0 | D:1      | DavidChitty2 set off with the following items: a +0 dagger,
                  | 11 poisoned darts, 2 scrolls of fog, a +0 robe; and the
                  | following spell memorised: Sting; and the following spells
                  | available to memorise: Cigotuvi's Dreadful Rot, Mephitic
                  | Cloud.
     0 | D:1      | Reached XP level 1. HP: 13/13 MP: 4/4
   428 | D:1      | Reached XP level 2. HP: 19/19 MP: 1/5
  1294 | D:2      | Reached XP level 3. HP: 22/25 MP: 2/7
  1785 | D:3      | Reached skill level 1 in Invocations
  1991 | D:3      | Reached skill level 1 in Fighting
  1991 | D:3      | Reached skill level 1 in Short Blades
  1991 | D:3      | Reached skill level 1 in Long Blades
  1991 | D:3      | Reached skill level 1 in Axes
  1991 | D:3      | Reached skill level 1 in Maces & Flails
  1991 | D:3      | Reached skill level 1 in Polearms
  1991 | D:3      | Reached skill level 1 in Staves
  1991 | D:3      | Reached skill level 1 in Ranged Weapons
  1991 | D:3      | Reached skill level 1 in Dodging
  1991 | D:3      | Reached skill level 1 in Stealth
  1991 | D:3      | Reached skill level 1 in Shields
  1991 | D:3      | Reached skill level 1 in Unarmed Combat
  2285 | D:3      | Found a radiant altar of Vehumet.
  2294 | D:3      | Became a worshipper of Vehumet
  2565 | D:3      | Found a glowing golden altar of the Shining One.
  2566 | D:3      | Found a sparkling altar of Nemelex Xobeh.
  2606 | D:3      | Noticed Terence
  2616 | D:3      | Killed Terence
  2617 | D:3      | Reached skill level 1 in Conjurations
  2617 | D:3      | Reached skill level 1 in Hexes
  2617 | D:3      | Reached skill level 1 in Summonings
  2617 | D:3      | Reached skill level 1 in Necromancy
  2617 | D:3      | Reached skill level 1 in Translocations
  2617 | D:3      | Reached skill level 1 in Transmutations
  2617 | D:3      | Reached skill level 1 in Fire Magic
  2617 | D:3      | Reached skill level 1 in Ice Magic
  2617 | D:3      | Reached skill level 1 in Air Magic
  2617 | D:3      | Reached skill level 1 in Earth Magic
  2617 | D:3      | Reached XP level 4. HP: 27/32 MP: 5/8
  2859 | D:3      | Learned a level 3 spell: Mephitic Cloud
  3164 | D:4      | Reached XP level 5. HP: 29/37 MP: 4/9
  3235 | D:4      | Found a sand-covered staircase.
  3243 | Ossuary  | Entered an ossuary
  3460 | Ossuary  | Reached * piety under Vehumet
  3460 | Ossuary  | Offered knowledge of Shock by Vehumet.
  3484 | Ossuary  | Learned a level 1 spell: Shock
  3573 | Ossuary  | Reached XP level 6. HP: 25/44 MP: 7/11
  3683 | Ossuary  | Reached skill level 5 in Evocations
  4179 | D:4      | Noticed Sigmund
  4188 | D:4      | Killed Sigmund
  4189 | D:4      | Reached skill level 7 in Throwing
  4189 | D:4      | Reached XP level 7. HP: 35/51 MP: 4/12
  4671 | D:4      | Offered knowledge of Foxfire by Vehumet.
  4847 | D:5      | Entered Level 5 of the Dungeon
  4850 | D:5      | Identified a scroll of acquirement
  4850 | D:5      | Acquired a staff of conjuration
  5006 | D:5      | Noticed Menkaure
  5015 | D:5      | Killed Menkaure
  5351 | D:5      | Found Pyihum's General Store.
  5442 | D:5      | Noticed Pikel
  5554 | D:5      | Killed Pikel
  5555 | D:5      | Reached XP level 8. HP: 38/58 MP: 1/14
  6289 | D:6      | Noticed Edmund
  6498 | D:6      | Reached ** piety under Vehumet
  6673 | D:6      | Killed Edmund
  6767 | D:6      | Reached XP level 9. HP: 62/65 MP: 9/16
  6954 | D:6      | Reached skill level 5 in Spellcasting
  6982 | D:6      | Found a white marble altar of Elyvilon.
  7056 | D:6      | Found a staircase to the Ecumenical Temple.
  7152 | D:6      | Found a runed translucent door.
  7153 | D:6      | Noticed Crazy Yiuf
  7176 | Temple   | Entered the Ecumenical Temple
  7176 | Temple   | Found a transporter.
  7176 | Temple   | Found a transporter.
  7178 | Temple   | Found a transporter.
  7178 | Temple   | Found a transporter.
  7358 | D:7      | Reached skill level 5 in Armour
  7849 | D:7      | Noticed a hornet
  7889 | D:7      | Killed a hornet
  7890 | D:7      | Reached skill level 8 in Throwing
  7958 | D:7      | Reached skill level 5 in Invocations
  8093 | D:7      | Offered knowledge of Poisonous Vapours by Vehumet.
  8097 | D:7      | Learned a level 2 spell: Poisonous Vapours
  8144 | D:7      | Noticed Prince Ribbit
  8154 | D:7      | Killed Prince Ribbit
  8845 | D:7      | Reached skill level 5 in Fighting
  8845 | D:7      | Reached skill level 5 in Short Blades
  8845 | D:7      | Reached skill level 5 in Long Blades
  8845 | D:7      | Reached skill level 5 in Axes
  8845 | D:7      | Reached skill level 5 in Maces & Flails
  8845 | D:7      | Reached skill level 5 in Polearms
  8845 | D:7      | Reached skill level 5 in Staves
  8845 | D:7      | Reached skill level 5 in Ranged Weapons
  8845 | D:7      | Reached skill level 5 in Dodging
  8845 | D:7      | Reached skill level 5 in Stealth
  8845 | D:7      | Reached skill level 5 in Shields
  8845 | D:7      | Reached skill level 5 in Unarmed Combat
  8845 | D:7      | Reached XP level 10. HP: 65/74 MP: 6/18
  9042 | D:8      | Noticed a two-headed ogre
  9051 | D:8      | Killed a two-headed ogre
  9340 | D:8      | Reached *** piety under Vehumet
  9681 | D:8      | Found a staircase to the Lair.
 10161 | D:8      | Offered knowledge of Ignite Poison by Vehumet.
 10166 | D:8      | Learned a level 3 spell: Ignite Poison
 10460 | D:9      | Found a flagged portal.
 10554 | Bailey   | Entered a bailey
 10831 | Bailey   | Reached **** piety under Vehumet
 10952 | Bailey   | Noticed a vault guard
 10977 | Bailey   | Reached skill level 9 in Throwing
 11074 | Bailey   | Reached skill level 5 in Conjurations
 11074 | Bailey   | Reached skill level 5 in Hexes
 11074 | Bailey   | Reached skill level 5 in Summonings
 11074 | Bailey   | Reached skill level 5 in Necromancy
 11074 | Bailey   | Reached skill level 5 in Translocations
 11074 | Bailey   | Reached skill level 5 in Transmutations
 11074 | Bailey   | Reached skill level 5 in Fire Magic
 11074 | Bailey   | Reached skill level 5 in Ice Magic
 11074 | Bailey   | Reached skill level 5 in Air Magic
 11074 | Bailey   | Reached skill level 5 in Earth Magic
 11074 | Bailey   | Reached XP level 11. HP: 65/81 MP: 4/21
 11181 | Bailey   | Noticed a vault guard
 11206 | Bailey   | Killed a vault guard
 11357 | Bailey   | Offered knowledge of Fireball by Vehumet.
 11371 | Bailey   | Killed a vault guard
 11388 | Bailey   | Learned a level 5 spell: Fireball
 11917 | D:9      | Noticed Erica
 11961 | D:9      | Killed Erica
 12345 | D:9      | Found a snail-covered altar of Cheibriados.
 12812 | D:9      | Found an ancient bone altar of Kikubaaqudgha.
 13007 | D:10     | Entered Level 10 of the Dungeon
 13050 | D:10     | Noticed a white ugly thing
 13072 | D:10     | Killed a white ugly thing
 13533 | D:10     | Found an iron altar of Okawaru.
 13750 | D:10     | Noticed a two-headed ogre
 13775 | D:10     | Killed a two-headed ogre
 13829 | D:10     | Found a portal to a secret trove of treasure.
 14156 | D:10     | Upgraded the game from 0.30-a0-964-gd452b5e7fa to
                  | 0.30-a0-996-ga6910c8ee8
 14586 | D:10     | Reached XP level 12. HP: 91/91 MP: 18/23
 14706 | D:10     | Found a staircase to the Orcish Mines.
 15000 | D:8      | Learned a level 4 spell: Airstrike
 15013 | Lair:1   | Entered Level 1 of the Lair of Beasts
 15017 | Lair:1   | Noticed a boulder beetle
 15032 | Lair:1   | Killed a boulder beetle
 15633 | Lair:1   | Found a sacrificial altar of Ru.
 15639 | Lair:1   | Noticed a boulder beetle
 15657 | Lair:1   | Killed a boulder beetle
 15658 | Lair:1   | Reached skill level 10 in Throwing
 16416 | Lair:1   | You fall into a shaft and drop 1 floor!
 17076 | Lair:2   | Found a staircase to the Shoals.
 17327 | Lair:2   | Found a basalt altar of Yredelemnul.
 17833 | Lair:3   | Found a gate leading to a gauntlet.
 17842 | Gauntlet | Entered a Gauntlet
 17842 | Gauntlet | Found a transporter.
 17842 | Gauntlet | Found a transporter.
 17851 | Gauntlet | Found a transporter.
 17854 | Gauntlet | Found a transporter.
 17865 | Gauntlet | Found a transporter.
 17866 | Gauntlet | Found a transporter.
 17877 | Gauntlet | Found a transporter.
 17889 | Gauntlet | Found a runed translucent gate.
 17891 | Gauntlet | Found a transporter.
 17891 | Gauntlet | Found a runed translucent gate.
 17892 | Gauntlet | Found a runed translucent gate.
 17893 | Gauntlet | Noticed a green death
 17906 | Gauntlet | Found a transporter.
 17910 | Gauntlet | Found a transporter.
 17918 | Gauntlet | Found a transporter.
 17922 | Gauntlet | Found a transporter.
 18251 | Gauntlet | Paralysed by you for 4 turns
 18311 | Gauntlet | Identified the amulet of Pog Boaga {Spirit *Slow rElec
                  | rPois rN++}
 18337 | Gauntlet | Noticed a minotaur
 18346 | Gauntlet | Killed a minotaur
 18794 | Lair:3   | Reached XP level 13. HP: 93/98 MP: 6/25
 19130 | Lair:3   | Found a hole to the Spider Nest.
 19195 | Lair:3   | Reached ***** piety under Vehumet
 19380 | Lair:3   | Found a runed translucent door.
 19452 | Lair:3   | Offered knowledge of Flame Wave by Vehumet.
 19458 | Lair:3   | Learned a level 4 spell: Flame Wave
 20095 | Lair:3   | Noticed an entropy weaver
 20109 | Lair:3   | Killed an entropy weaver
 20373 | Lair:3   | Noticed an entropy weaver
 20381 | Lair:3   | Killed an entropy weaver
 20757 | Lair:3   | Noticed an entropy weaver
 20801 | Lair:3   | Killed an entropy weaver
 20802 | Lair:3   | Reached skill level 11 in Throwing
 20802 | Lair:3   | Reached skill level 10 in Evocations
 21016 | Lair:3   | Found the amulet of the Four Winds {rN+ Will+++ Clar}
 21965 | Lair:4   | Reached XP level 14. HP: 93/108 MP: 15/27
 22051 | Lair:4   | Reached skill level 10 in Invocations
 22228 | Lair:4   | Paralysed by a floating eye for 2 turns
 22404 | Lair:4   | Found a staircase to the Slime Pits.
 22410 | Lair:4   | Found a viscous altar of Jiyva.
 22569 | Lair:5   | Entered Level 5 of the Lair of Beasts
 23854 | Lair:5   | Slain by an eight-headed hydra

Illustrated notes

Levels and vault maps discovered:
D:1:      wander_arrival_desolate, layout_loops_corners
D:2:      layout_rooms
D:3:      layout_basic, minitemple, nicolae_vehumet_altar_sigil,
          minmay_distorted, uniq_terence
D:4:      layout_loops_ring, cheibrodos_sewer_entry_sluice,
          chequers_ossuary_entry_cave, minmay_misc_feat_square,
          bh_walls_and_bars, uniq_sigmund
D:5:      layout_basic, serial_shops, shop_statue, uniq_pikel, uniq_menkaure
D:6:      layout_cave_pools, amcnicky_altar_gilded, temple_green,
          uniq_crazy_yiuf_cottage, uniq_edmund
D:7:      layout_basic, kennysheep_generic_room_10, uniq_prince_ribbit1
D:8:      layout_basic, david_lair_generic, minmay_misc_feat_more_columns
D:9:      layout_irregular_city, slow_altar_1,
          nicolae_kikubaaqudgha_miasma_corner, enter_bailey_5, uniq_erica
D:10:     layout_roguey, old_standard_altar, david_orc_4,
          nicolae_trove_entry_columns
Temple:   hellmonk_temple_divided_pantheon
Lair:1:   layout_cave_pods, basic_altar, beast_lair_carwin_9
Lair:2:   hellmonk_ruined_rings, layout_chaotic_city, shoals_dummy_entry,
          lemuel_oklob_altar
Lair:3:   gammafunk_mikee_crab_dinner, layout_misc_corridors,
          spider_nest_entry_rubble, gauntlet_entry_generic, grunt_megastairs_4
Lair:4:   layout_roguey, minmay_slime_entry_eyes, serial_bayou_pond_e,
          chequers_serial_rivers_marsh, lemuel_old_faithful
Lair:5:   cheibrodos_lair_end_hotspot, layout_concentric_octagons, minivault_26

Skill      XL: |  1  2  3  4  5  6  7  8  9 10 11 12 13 14 |
---------------+-------------------------------------------+-----
Invocations    | 1 2 3 4 5 6 7 8 9 10 | 10.3
Fighting       | 1 2 3 4 5 6 7 8 9 |  9.4
Short Blades   | 1 2 3 4 5 6 7 8 9 |  9.4
Long Blades    | 1 2 3 4 5 6 7 8 9 |  9.4
Axes           | 1 2 3 4 5 6 7 8 9 |  9.4
Maces & Flails | 1 2 3 4 5 6 7 8 9 |  9.4
Polearms       | 1 2 3 4 5 6 7 8 9 |  9.4
Staves         | 1 2 3 4 5 6 7 8 9 |  9.4
Ranged Weapons | 1 2 3 4 5 6 7 8 9 |  9.4
Dodging        | 1 2 3 4 5 6 7 8 9 |  9.4
Stealth        | 1 2 3 4 5 6 7 8 9 |  9.4
Shields        | 1 2 3 4 5 6 7 8 9 |  9.4
Unarmed Combat | 1 2 3 4 5 6 7 8 9 |  9.4
Spellcasting   | 3 4 5 6 7 8 9 |  9.9
Conjurations   | 1 2 3 4 5 6 7 |  7.9
Hexes          | 1 2 3 4 5 6 7 |  7.9
Summonings     | 1 2 3 4 5 6 7 |  7.9
Necromancy     | 1 2 3 4 5 6 7 |  7.9
Translocations | 1 2 3 4 5 6 7 |  7.9
Transmutations | 1 2 3 4 5 6 7 |  7.9
Fire Magic     | 1 2 3 4 5 6 7 |  7.9
Ice Magic      | 1 2 3 4 5 6 7 |  7.9
Air Magic      | 1 2 3 4 5 6 7 |  7.9
Earth Magic    | 1 2 3 4 5 6 7 |  7.9
Armour         | 3 4 5 6 7 8 9 |  9.8
Evocations     | 5 6 7 8 9 10 | 10.5
Throwing       | 7 8 9 10 11 | 11.4
Poison Magic   | 6 7 8 9 |  9.6

Action                     |  1- 3 |  4- 6 |  7- 9 | 10-12 | 13-15 || total
---------------------------+-------+-------+-------+-------+-------++-------
  Melee: Dagger            |    11 |   166 |    27 |       |       ||   204
         Bite              |     1 |    24 |     7 |    23 |    24 ||    79
         Punch             |       |     6 |       |     2 |       ||     8
         Short sword       |       |       |    13 |   195 |     8 ||   216
         Staff             |       |       |       |     1 |       ||     1
         Knife             |       |       |       |       |   101 ||   101
  Throw: Stone             |    28 |       |       |       |       ||    28
         Dart              |     6 |     1 |     7 |     3 |     2 ||    19
   Cast: Sting             |    56 |    35 |   114 |    95 |    85 ||   385
         Shock             |       |    18 |   214 |   599 |   194 ||  1025
         Mephitic Cloud    |       |       |     2 |    35 |    26 ||    63
         Poisonous Vapours |       |       |     2 |    49 |    32 ||    83
         Ignite Poison     |       |       |       |    23 |    11 ||    34
         Fireball          |       |       |       |    35 |    16 ||    51
         Airstrike         |       |       |       |     6 |       ||     6
         Flame Wave        |       |       |       |       |    14 ||    14
  Evoke: Wand              |       |       |     1 |     4 |    22 ||    27
         Lightning rod     |       |       |       |       |     1 ||     1
    Use: Scroll            |       |     6 |    15 |     9 |     1 ||    31
         Potion            |       |       |       |     6 |       ||     6
   Stab: Sleeping          |       |     2 |       |       |       ||     2
         Distracted        |       |     1 |       |       |       ||     1
         Confused          |       |       |       |       |     3 ||     3
 Armour: Robe              |     7 |    35 |   113 |   291 |   150 ||   596
  Dodge: Dodged            |    24 |    87 |   133 |   393 |   240 ||   877
  Block: Kite shield       |       |       |       |    87 |   206 ||   293

Table legend: (Time is in decaauts)
 A = Elapsed time spent in this place.
 B = Non-inter-level travel time spent in this place.
 C = Inter-level travel time spent in this place.
 D = Time resting spent in this place.
 E = Time spent auto-exploring this place.
 F = Levels seen in this place.
 G = Mean time per level.
                   A        B        C        D        E       F      G
               +--------+--------+--------+--------+--------+-----+--------+
         Total |  23717 |  22815 |    902 |   7504 |  10434 |  19 | 1248.3 |
       Dungeon |  13445 |  12924 |    521 |   3203 |   7267 |  10 | 1344.5 |
        Temple |     23 |     12 |     11 |      0 |      7 |   1 |   23.0 |
          Lair |   8120 |   7750 |    370 |   3634 |   2580 |   5 | 1624.0 |
       Ossuary |    623 |    623 |      0 |     85 |    264 |   1 |  623.0 |
        Bailey |    947 |    947 |      0 |    442 |    215 |   1 |  947.0 |
      Gauntlet |    557 |    557 |      0 |    138 |    100 |   1 |  557.0 |
               +--------+--------+--------+--------+--------+-----+--------+

Top non-repeatable levels by time:
  Lair:3: 2946 daAuts
    D:10: 1846 daAuts
     D:8: 1780 daAuts
     D:9: 1628 daAuts
     D:7: 1620 daAuts
  Lair:1: 1529 daAuts
     D:3: 1383 daAuts
     D:5: 1381 daAuts
  Lair:2: 1236 daAuts
  Lair:4: 1211 daAuts
  Lair:5: 1196 daAuts
     D:4: 1153 daAuts
     D:1: 1139 daAuts
  Bailey: 947 daAuts
     D:6: 904 daAuts
